AoeStats
← NPG | NUNCAPUEDOGANAR

African Clearing

510330142Analyzed
4v4 RM · 16h ago on Sep 30, 2026· 72m 36s· 8 players
Game mode
Random Map
Map size
Large (8 player)
Population
200
Speed
Normal
Resources
Standard
Victory
Conquest
Starting age
Dark Age
Ending age
Imperial Age
RankedLock teamsTeams togetherTeam positionsShared explorationLock speedFull tech treeHidden civsTurbo modeCheats
Victory
Defeat
🇨🇳 Britons · China
1246
+16
🇳🇱 Franks · Netherlands
1244
+16
🇹🇼 Varangians · Taiwan
1244
+16
🇦🇷 Huns · Argentina
1237
+17
🇨🇱 Berbers · Chile
1357
-20
🇨🇱 Khmer · Chile
1341
-19
🇨🇱 Vietnamese · Chile
1296
-18
1018
-8
Berenjena
10:29 Loom
13:14 Feudal Age
14:00 Double-Bit Axe
19:06 Castle Age
40:11 Fletching
41:10 Ballistics
41:55 Padded Archer Armor
42:06 Forging
42:40 Bodkin Arrow
43:00 Leather Archer Armor
43:40 Leather Archer Armor
43:31 Scale Barding Armor
43:18 Horse Collar
45:41 Wheelbarrow
46:10 Chain Barding Armor
46:06 Heavy Plow
46:40 Bloodlines
46:31 Husbandry
46:51 Scale Mail Armor
50:29 Imperial Age
49:09 Marauders
prsdntsdghtr
4:34 Loom
15:37 Feudal Age
19:18 Double-Bit Axe
21:36 Castle Age
35:55 Bow Saw
50:11 Wheelbarrow
51:53 Hand Cart
52:49 Gold Mining
52:40 Pikeman
53:21 Squires
53:07 Arson
53:29 Squires
57:32 Gold Shaft Mining
56:47 Stone Mining
60:20 Imperial Age
58:34 Scale Mail Armor
58:44 Forging
58:47 Town Watch
59:14 Husbandry
60:16 Chain Mail Armor
60:07 Scale Barding Armor
60:40 Halberdier
62:29 Conscription
63:16 Iron Casting
64:46 Cavalier
66:42 Conscription
66:42 Murder Holes
66:59 Masonry
67:12 Ballistics
68:24 Town Patrol
70:15 Iron Casting
71:20 Treadmill Crane
73:21 Blast Furnace
AB8
5:31 Loom
16:21 Feudal Age
21:31 Castle Age
20:28 Horse Collar
20:36 Double-Bit Axe
21:51 Scale Barding Armor
22:49 Bloodlines
26:34 Bow Saw
26:33 Heavy Plow
27:42 Forging
32:58 Husbandry
33:20 Chain Barding Armor
37:15 Wheelbarrow
36:50 Gold Mining
38:13 Iron Casting
39:17 Hand Cart
39:19 Stone Mining
39:59 Fletching
43:47 Imperial Age
41:47 Town Watch
43:02 Vendel Legacy
43:41 Bodkin Arrow
44:53 Conscription
43:56 Cavalier
45:44 Plate Barding Armor
46:10 Blast Furnace
46:13 Chemistry
45:34 Ballistics
44:55 Treadmill Crane
47:31 Bracer
47:44 Masonry
47:40 Siege Engineers
47:47 Fortified Wall
48:25 Elite Skirmisher
49:41 Padded Archer Armor
49:42 Scale Mail Armor
50:23 Stone Shaft Mining
52:35 Leather Archer Armor
54:18 Elite Varangian Guard
54:44 Arson
55:00 Squires
54:55 Gambesons
55:27 Chain Mail Armor
55:43 Ring Archer Armor
56:30 Architecture
55:57 Murder Holes
62:46 Gothikon
63:59 Plate Mail Armor
68:29 Pikeman
69:20 Halberdier
老头
7:11 Loom
12:37 Feudal Age
18:06 Castle Age
26:37 Double-Bit Axe
32:17 Padded Archer Armor
33:52 Fletching
35:47 Bow Saw
35:22 Horse Collar
36:26 Ballistics
41:07 Imperial Age
39:39 Wheelbarrow
39:46 Bodkin Arrow
40:44 Leather Archer Armor
42:14 Hand Cart
42:12 Elite Longbowman
44:07 Bracer
49:45 Chemistry
49:14 Yeomen
50:34 Ring Archer Armor
57:18 Warwolf
63:24 Two-Man Saw
65:47 Stone Mining
65:48 Gold Mining
NPG | NUNCAPUEDOGANAR
6:37 Loom
13:47 Feudal Age
16:53 Bloodlines
17:24 Forging
20:37 Scale Barding Armor
21:20 Double-Bit Axe
28:22 Castle Age
29:51 Chain Barding Armor
32:28 Horse Collar
33:28 Wheelbarrow
36:31 Fletching
37:21 Husbandry
47:32 Iron Casting
52:34 Light Cavalry
74:18 Imperial Age
NPG | sionista Punk
3:45 Loom
11:58 Feudal Age
12:44 Double-Bit Axe
16:45 Bloodlines
24:34 Town Watch
31:21 Castle Age
34:02 Husbandry
35:10 Wheelbarrow
36:34 Scale Barding Armor
37:10 Forging
38:17 Bow Saw
39:18 Chain Barding Armor
39:19 Light Cavalry
40:08 Gold Mining
48:06 Hand Cart
48:57 Stone Mining
54:16 Imperial Age
55:46 Conscription
56:30 Chain Barding Armor
56:46 Iron Casting
57:59 Gold Shaft Mining
57:12 Elite Battle Elephant
58:58 Plate Barding Armor
64:23 Stone Shaft Mining
69:35 Elite Ballista Elephant
70:17 Double Crossbow
72:26 Ballistics
73:06 Chemistry
伊格纳修斯
4:27 Loom
11:54 Feudal Age
12:33 Double-Bit Axe
16:25 Fletching
16:44 Horse Collar
17:49 Padded Archer Armor
19:28 Town Watch
25:12 Castle Age
24:43 Gold Mining
25:15 Crossbowman
25:52 Bodkin Arrow
27:22 Wheelbarrow
31:39 Hand Cart
32:19 Ballistics
32:25 Leather Archer Armor
38:37 Thumb Ring
44:20 Imperial Age
42:59 Bow Saw
42:50 Heavy Plow
43:34 Squires
44:04 Scale Mail Armor
45:02 Arbalester
45:51 Bracer
46:53 Chemistry
45:37 Elite Fire Lancer
46:33 Chain Mail Armor
47:18 Arson
48:05 Plate Mail Armor
50:04 Paper Money
50:19 Forging
50:40 Ring Archer Armor
51:22 Two-Man Saw
50:53 Crop Rotation
50:40 Guilds
51:54 Iron Casting
51:06 Elite Rattan Archer
52:00 Siege Engineers
54:21 Hoardings
56:50 Elite Skirmisher
57:39 Imperial Skirmisher
57:55 Capped Ram
58:46 Capped Ram
NPG | Kraxher
2:59 Loom
12:10 Feudal Age
13:02 Double-Bit Axe
15:41 Forging
16:37 Scale Barding Armor
20:13 Bloodlines
25:17 Castle Age
23:40 Fletching
25:22 Light Cavalry
29:14 Town Watch
31:58 Wheelbarrow
44:03 Chain Barding Armor
44:03 Husbandry
53:21 Hand Cart
Connection lost

Rejoining the realm…

Still unreachable

The connection could not be restored.

Session expired

The server has moved on; the page needs a fresh start.